Map: Automaton LE

Players

herO

  • Race: Protoss Protoss
  • Spawn Location: 3:00

soO - Winner!

  • Race: Zerg Zerg
  • Spawn Location: 9:00

Event: IEM Season 13: Katowice (2019)

VOD

Have the link to the VOD?

Description

Time

  • Played on: March 3, 2019, 4:18 a.m.
  • Length: 9:53

All games in this series

Show
View Real Time Build Order
Export as new Build Order

herO Protoss 

Build Orders: Oracle Opening, Phoenix Opening 

Get SALT Encoding   

  12  0:00  Probe  
  13  0:12  Probe  
  14  0:18  Pylon  
  14  0:24  Probe  
  15  0:36  Gateway, Probe  
  16  0:44  Probe  
  16  0:45  Assimilator  
  17  0:53  Probe  
  18  0:57  Assimilator  
  18  1:05  Probe  
  18  1:10  Gateway  
  19  1:17  Probe  
  20  1:23  Cybernetics Core  
  20  1:30  Probe  
  21  1:41  Pylon  
  21  1:42  Probe  
  22  1:51  Adept x2  
  27  2:04  Stargate  
  26  2:10  Probe  
  27  2:20  Stalker  
  29  2:25  Pylon  
  29  2:27  Probe  
  30  2:46  Oracle  
  30  2:50  Warp Gate  
  31  3:08  Nexus  
  31  3:15  Probe, Oracle  
  35  3:27  Probe  
  36  3:37  Pylon  
  36  3:39  Probe  
  37  3:52  Probe  
  37  3:54  Phoenix  
  40  4:02  Shield Battery  
  38  4:05  Probe  
  38  4:07  Pylon  
  37  4:19  Probe x2  
  39  4:25  Robotics Facility  
  39  4:29  Probe  
  39  4:30  Probe  
  39  4:31  Twilight Council  
  41  4:38  Probe  
  41  4:39  Probe  
  40  4:55  Gateway x2  
  40  4:56  Probe  
  40  4:59  Assimilator  
  41  5:02  Gateway  
  41  5:14  Gateway, Warp Prism  
  41  5:18  Stalker, Charge  
  43  5:21  Gateway  
  45  5:30  Gateway  
  45  5:39  Zealot  
  48  5:44  Zealot  
  48  5:49  Zealot  
  51  5:54  Pylon  
  51  6:11  Stalker  
  51  6:12  Zealot x5  
  51  6:16  Pylon  
  63  6:36  Zealot x5, Stalker  
  63  6:39  Zealot  
  77  6:44  Pylon  
  73  6:57  Zealot x4  
  73  7:03  Zealot x2  
  73  7:08  Zealot x2  
  65  7:18  Zealot x3  
  67  7:26  Zealot x2  
  59  7:38  Zealot x3  
  55  7:44  Immortal  
  51  7:53  Probe  
  51  7:56  Probe  
  55  7:58  Assimilator  
  55  8:01  Probe  
  56  8:08  Probe  
  56  8:10  Probe  
  58  8:20  Immortal, Probe  
  58  8:21  Forge, Stalker  
  58  8:22  Probe  
  66  8:32  Sentry  
  68  8:38  Zealot x4  
  68  8:52  Immortal  
  62  8:56  Probe  
  62  8:57  Probe  
  62  9:02  Sentry  
  68  9:04  Pylon  
  68  9:06  Sentry  
  70  9:10  Zealot x2  
  70  9:16  Sentry, Zealot  
  78  9:32  Zealot x2  
  78  9:38  Zealot  
  67  9:47  Zealot x2  
Show
View Real Time Build Order
Export as new Build Order

soO Zerg - Winner!

Build Orders: Hatch First 

Get SALT Encoding   

  12  0:00  Drone  
  13  0:12  Overlord  
  13  0:17  Drone  
  14  0:30  Drone x2  
  14  0:34  Drone  
  17  0:51  Hatchery  
  17  0:54  Drone  
  17  0:58  Drone  
  18  1:08  Extractor  
  17  1:13  Spawning Pool  
  17  1:16  Drone  
  17  1:20  Drone  
  18  1:29  Drone  
  19  1:38  Drone  
  20  1:47  Hatchery  
  20  1:50  Drone  
  20  2:02  Drone  
  20  2:03  Queen  
  20  2:06  Drone  
  24  2:18  Overlord  
  24  2:21  Queen  
  26  2:27  Metabolic Boost  
  26  2:31  Zergling x2  
  26  2:32  Zergling x2  
  28  2:39  Zergling x4  
  30  2:44  Queen  
  32  2:51  Zergling x2  
  32  3:01  Zergling x4  
  32  3:11  Zergling x4  
  34  3:18  Spore Crawler  
  34  3:19  Drone x2  
  35  3:29  Drone x5  
  38  3:38  Drone  
  39  3:48  Overlord  
  39  3:50  Drone  
  39  3:54  Drone  
  39  3:55  Drone  
  40  4:06  Drone x2  
  40  4:08  Spore Crawler  
  41  4:12  Drone x4  
  41  4:13  Drone x2  
  41  4:14  Drone  
  47  4:22  Queen  
  48  4:27  Drone  
  48  4:28  Spore Crawler  
  48  4:34  Overlord  
  48  4:37  Overlord  
  48  4:39  Overlord  
  48  4:46  Overlord  
  48  4:50  Spore Crawler  
  48  4:52  Queen  
  45  4:54  Drone x2  
  45  4:56  Overlord, Drone x3  
  52  5:00  Drone  
  52  5:03  Drone x3  
  52  5:06  Drone  
  57  5:08  Zergling x6  
  60  5:17  Extractor  
  60  5:19  Roach Warren  
  60  5:20  Extractor  
  57  5:22  Drone x5  
  57  5:25  Overlord  
  62  5:29  Lair  
  62  5:33  Overlord  
  62  5:34  Drone  
  63  5:38  Overlord  
  63  5:41  Overlord  
  63  5:42  Drone x2  
  65  5:43  Drone  
  65  5:44  Drone  
  65  5:46  Drone  
  65  5:48  Drone  
  69  5:51  Drone  
  69  5:54  Drone  
  69  5:56  Extractor  
  70  6:02  Roach x5  
  80  6:07  Extractor  
  79  6:14  Roach x4  
  88  6:19  Roach x2, Spine Crawler  
  88  6:25  Roach x2  
  96  6:26  Overlord  
  96  6:31  Overlord, Glial Reconstitution  
  96  6:33  Overlord  
  96  6:35  Overlord  
  96  6:38  Overlord  
  96  6:41  Spine Crawler  
  96  6:42  Ravager  
  96  6:44  Ravager  
  96  6:46  Zergling x8  
  93  7:03  Roach  
  93  7:04  Roach x5  
  93  7:06  Roach  
  99  7:14  Roach x2  
  99  7:15  Roach  
  94  7:18  Roach  
  91  7:23  Roach  
  91  7:24  Roach  
  91  7:29  Queen x2, Roach  
  91  7:33  Roach  
  85  7:39  Roach  
  73  7:47  Roach  
  73  7:50  Queen, Zergling x4  
  79  7:53  Zergling x2  
  79  7:54  Zergling x2  
  80  8:01  Roach  
  80  8:05  Queen x2  
  86  8:10  Roach x3  
  92  8:16  Overseer  
  92  8:20  Roach x2, Zergling x2  
  92  8:24  Roach  
  92  8:26  Queen  
  101  8:29  Extractor  
  100  8:37  Roach x3  
  100  8:40  Overlord  
  105  8:42  Roach x2, Zergling x6  
  105  8:46  Roach x2  
  114  8:51  Roach x2  
  116  9:01  Ravager  
  120  9:02  Roach, Zergling x2  
  120  9:03  Zergling x8  
  120  9:09  Drone x2  
  126  9:12  Extractor  
  126  9:16  Overlord  
  125  9:18  Overseer  
  125  9:20  Roach x2  
  125  9:21  Ravager  
  130  9:25  Overlord  
  130  9:26  Overlord  
  130  9:29  Overlord  
  130  9:31  Overlord  

Tags
 
Add a new tag
Caveats
  • Supply blocks, unpowered buildings, or Contaminate may cause inaccurate times.
  • Supply counts are checked every 10 seconds.